 Dungeon Crawl Stone Soup version 0.27-a0-1416-g941b2bd30b (webtiles) character file.

Game seed: 10558923879969888667

24 blackman the Thaumaturge (level 3, -4/31 HPs)
             Began as a Gnoll Wanderer on July 1, 2021.
             Was a Follower of Makhleb.
             Slain by a killer bee zombie (6 damage)
             ... on level 3 of the Dungeon.
             The game lasted 00:09:47 (1539 turns).

blackman the Thaumaturge (Gnoll Wanderer)           Turns: 1539, Time: 00:09:48

Health: -4/31      AC:  5    Str:  9    XL:     3   Next: 2%
Magic:  6/15       EV: 10    Int: 15    God:    Makhleb [*.....]
Gold:   35         SH:  0    Dex: 10    Spells: 21/24 levels left

rFire    . . .     SeeInvis .   a - +0 dagger
rCold    . . .     Faith    .   (no shield)
rNeg     . . .     Spirit   .   f - +0 ring mail
rPois    .         Reflect  .   (no helmet)
rElec    .         Harm     .   (no cloak)
rCorr    .         Rampage  .   (no gloves)
Will     .....                  (no boots)
Stlth    +.........             (no amulet)
HPRegen  0.10/turn              (no ring)
MPRegen  0.14/turn              (no ring)

@: no status effects
A: fangs 1, strong nose, distributed training
a: Renounce Religion


You were on level 3 of the Dungeon.
You worshipped Makhleb.
Makhleb was aware of your devotion.
You visited 1 branch of the dungeon, and saw 3 of its levels.

You collected 35 gold pieces.

Inventory:

Hand Weapons
 a - a +0 dagger (weapon)
Armour
 b - a +0 robe
 f - a +0 ring mail (worn)
Scrolls
 c - a scroll of vulnerability {unknown}
 d - 2 scrolls of magic mapping {unknown}
 e - a scroll of blinking {unknown}


   Skills:
 + Level 4.5 Fighting
 + Level 0.5 Short Blades
 + Level 0.5 Long Blades
 + Level 0.5 Axes
 + Level 0.5 Maces & Flails
 + Level 0.5 Polearms
 + Level 0.5 Staves
 + Level 0.5 Slings
 + Level 0.5 Bows
 + Level 0.5 Crossbows
 + Level 0.5 Throwing
 + Level 0.5 Armour
 + Level 2.5 Dodging
 + Level 2.3 Stealth
 + Level 2.5 Shields
 + Level 0.5 Unarmed Combat
 + Level 11.1 Spellcasting
 + Level 0.4 Conjurations
 + Level 0.4 Hexes
 + Level 0.4 Summonings
 + Level 0.4 Necromancy
 + Level 0.4 Translocations
 + Level 0.4 Transmutations
 + Level 0.4 Fire Magic
 + Level 0.4 Ice Magic
 + Level 0.4 Air Magic
 + Level 0.4 Earth Magic
 + Level 0.4 Poison Magic
 + Level 0.7 Invocations
 + Level 0.5 Evocations


You had 21 spell levels left.
You knew the following spells:

 Your Spells              Type           Power      Damage    Failure   Level
a - Magic Dart            Conj           36%        1d4       21%         1
b - Blink                 Tloc           N/A        N/A       30%         2

Your spell library contained the following spells:

 Spells                   Type           Power      Damage    Failure   Level
 Foxfire                  Conj/Fire      36%        2x1d5     21%         1
 Sandblast                Erth           18%        2d7       21%         1
 Summon Small Mammal      Summ           36%        N/A       21%         1
 Call Imp                 Summ           9%         N/A       30%         2
 Passwall                 Tmut/Erth      7%         N/A       30%         2
 Slow                     Hex            9%         N/A       30%         2
 Wereblood                Tmut           9%         N/A       30%         2
 Conjure Flame            Conj/Fire      9%         6-21      52%         3
 Ignite Poison            Fire/Tmut/Pois 9%         N/A       52%         3
 Mephitic Cloud           Conj/Pois/Air  9%         N/A       52%         3
 Lee's Rapid Deconstruct  Erth           4%         3d6*      99%         5
 Summon Horrible Things   Summ           4%         N/A       100%        8


Dungeon Overview and Level Annotations

Branches:
Dungeon (3/15)

Altars:
Makhleb


Innate Abilities, Weirdness & Mutations

You have very sharp teeth.
Your uncanny sense of smell can sniff out nearby items.
Your experience applies equally to all skills.


Message History

* * * LOW HITPOINT WARNING * * *
You slide downwards.
The hatch slams shut behind you.
A bat comes into view.
You stumble into a teleport trap!
You are suddenly yanked towards some nearby monsters!
Your surroundings suddenly seem different.
The bat moves out of view.
Found a scroll labelled HECZATW QUDO.
A bat and a zombie come into view.
Casting: Blink (quite dangerous; 30% risk of failure)
Confirm with . or Enter, or press ? or * to list all spells.
Aiming: Magic Dart (safe; 21% risk of failure)
Press: ? - help, Shift-Dir - straight line
Okay, then.
Casting: Magic Dart (safe; 21% risk of failure)
Confirm with . or Enter, or press ? or * to list all spells.
The spell is quite dangerous to cast (30% risk of failure)!
Continue anyway?
Okay, then.
Casting: Blink (quite dangerous; 30% risk of failure)
Confirm with . or Enter, or press ? or * to list all spells.
Aiming: Magic Dart (safe; 21% risk of failure)
Press: ? - help, Shift-Dir - straight line
Okay, then.
The bat barely misses you.
Your magical contamination has completely faded away.
The bat hits you but does no damage.
You see here a scroll labelled HECZATW QUDO.
The bat hits you but does no damage. The killer bee zombie hits you.
* * * LOW HITPOINT WARNING * * *
Casting: Magic Dart (safe; 21% risk of failure)
Confirm with . or Enter, or press ? or * to list all spells.
Aiming: Magic Dart (safe; 21% risk of failure)
Press: ? - help, Shift-Dir - straight line, f - you
Okay, then.
You completely miss the bat. The bat hits you but does no damage.
The killer bee zombie hits you.
* * * LOW HITPOINT WARNING * * *
The killer bee zombie hits you.
You die...

............###
...............
.............#
.............### ###
#........##....##...#
##........###.....b..#
#.....b....###.#.S......
#......?Z..# # ..#......
#.......@..# ##..##....
#..........# ##. ...
#..........# .. ..
##+#####..## #. . #.##
## ∆ ###


You could see a killer bee zombie and a bat.

Vanquished Creatures
  An endoplasm (D:1)
  2 giant cockroaches (D:1)
  A goblin (D:1)
  3 hobgoblins (D:1)
  A quokka (D:2)
  7 ball pythons
  3 bats (D:1)
  A frilled lizard (D:1)
  A kobold (D:1)
  2 rats (D:1)
22 creatures vanquished.

Notes
Turn   | Place    | Note
-------+----------+-------------------------------------------
     0 | D:1      | Reached skill level 11 in Spellcasting
     0 | D:1      | blackman the Gnoll Wanderer began the quest for the Orb.
     0 | D:1      | blackman set off with the following items: a +0 dagger, a
                  | +0 robe; and the following spells available to memorise:
                  | Foxfire, Magic Dart, Blink, Call Imp, Passwall, Slow,
                  | Wereblood, Conjure Flame, Ignite Poison, Mephitic Cloud
     0 | D:1      | Reached XP level 1. HP: 20/20 MP: 12/12
     4 | D:1      | Learned a level 1 spell: Magic Dart
   579 | D:1      | Reached XP level 2. HP: 26/26 MP: 7/14
   881 | D:1      | Got the Handbook of Poisoning and the Escort
   927 | D:1      | Found a faded altar of an unknown god.
   937 | D:1      | Became a worshipper of Makhleb the Destroyer
   937 | D:1      | Reached * piety under Makhleb
   961 | D:1      | Learned a level 2 spell: Blink
  1508 | D:1      | You fall into a shaft and drop 1 floor!
  1514 | D:2      | Reached XP level 3. HP: 31/31 MP: 11/15
  1539 | D:3      | Slain by a killer bee zombie

Illustrated notes

Levels and vault maps discovered:
D:1:      dpeg_arrival_windows_large_door, layout_basic,
          shapermc_ecumenical_altar_totnotflames
D:2:      layout_rooms
D:3:      layout_rooms, lemuel_crystal_altar, nicolae_overflow_hidden_temple,
          st_stairs_8, dk_vineyard_1

Skill      XL: | |
---------------+-+-----
Spellcasting   | | 11.1
Fighting       | |  4.5
Short Blades   | |  0.5
Long Blades    | |  0.5
Axes           | |  0.5
Maces & Flails | |  0.5
Polearms       | |  0.5
Staves         | |  0.5
Slings         | |  0.5
Bows           | |  0.5
Crossbows      | |  0.5
Throwing       | |  0.5
Armour         | |  0.5
Dodging        | |  2.5
Stealth        | |  2.3
Shields        | |  2.5
Unarmed Combat | |  0.5
Conjurations   | |  0.4
Hexes          | |  0.4
Summonings     | |  0.4
Necromancy     | |  0.4
Translocations | |  0.4
Transmutations | |  0.4
Fire Magic     | |  0.4
Ice Magic      | |  0.4
Air Magic      | |  0.4
Earth Magic    | |  0.4
Poison Magic   | |  0.4
Invocations    | |  0.7
Evocations     | |  0.5

Action                   || total
-------------------------++-------
Melee: Dagger            ||    19
       Bite              ||     1
 Cast: Magic Dart        ||    59
       Blink             ||     6
Armor: Robe              ||     6
       Ring mail         ||    12
Dodge: Dodged            ||    29

Table legend: (Time is in decaauts)
 A = Elapsed time spent in this place.
 B = Non-inter-level travel time spent in this place.
 C = Inter-level travel time spent in this place.
 D = Time resting spent in this place.
 E = Time spent auto-exploring this place.
 F = Levels seen in this place.
 G = Mean time per level.
                   A        B        C        D        E       F      G
               +--------+--------+--------+--------+--------+-----+--------+
         Total |   1538 |   1531 |      7 |    497 |    791 |   3 |  512.7 |
       Dungeon |   1538 |   1531 |      7 |    497 |    791 |   3 |  512.7 |
               +--------+--------+--------+--------+--------+-----+--------+

Top non-repeatable levels by time:
     D:1: 1508 daAuts
     D:2: 24 daAuts
     D:3: 5 daAuts
